 Dungeon Crawl Stone Soup version 0.31-a0-1388-g4b2ba238e7 (webtiles) character file.

Game seed: 1191050721940038014

41 porpoise the Apothecary (level 3, -8/24 HPs)
             Began as a Formicid Alchemist on Dec 25, 2023.
             Killed from afar by Sigmund (10 damage)
             ... with a magic dart
             ... on level 2 of the Dungeon.
             The game lasted 00:06:17 (1316 turns).

porpoise the Apothecary (Formicid Alchemist)        Turns: 1316, Time: 00:06:17

Health: -8/24      AC:  2    Str: 12    XL:     3   Next: 75%
Magic:  4/7        EV: 12    Int: 16    God:
Gold:   42         SH:  5    Dex: 14    Spells: 1/7 levels left

rFire   + . .        a - +0 short sword
rCold   . . .        (no shield)
rNeg    . . .        e - +0 robe
rPois   .            (helmet unavailable)
rElec   .            (no cloak)
rCorr   .            (no gloves)
SInv    +            (no boots)
Will    .....        n - amulet of reflection
Stlth   ++           j - ring of protection from fire
HPRegen 0.24/turn    (no ring)
MPRegen 0.10/turn

%: reflection
@: no status effects
A: permanent stasis, dig shafts and tunnels, antennae 3, four strong arms
a: Dig, Shaft Self


You were on level 2 of the Dungeon.
You visited 1 branch of the dungeon, and saw 2 of its levels.

You collected 42 gold pieces.

Inventory:

Hand Weapons
 a - a +0 short sword (weapon)
 b - a +0 sling
 o - a +0 war axe
Armour
 e - a +0 robe (worn)
Jewellery
 i - a ring of ice
 j - a ring of protection from fire (left hand)
 n - an amulet of reflection (around neck)
Scrolls
 c - a scroll of fog {unknown}
 d - a scroll of blinking {unknown}
 g - a scroll of noise
 h - 3 scrolls of identify
 l - a scroll of amnesia {unknown}
 p - a scroll of revelation {unknown}
Potions
 f - a potion of magic


   Skills:
 - Level 1.7 Dodging
 - Level 2.4 Stealth
 + Level 2.9 Spellcasting
 + Level 1.7 Conjurations
 + Level 4.7 Alchemy


You had one spell level left.
You knew the following spells:

 Your Spells              Type           Power      Damage    Failure   Level
a - Sting                 Conj/Alch      48%        1d6       4%          1
b - Mercury Vapours       Alch/Air       18%        N/A       11%         2
c - Mephitic Cloud        Conj/Alch/Air  9%         N/A       24%         3

Your spell library contained the following spells:

 Spells                   Type           Power      Damage    Failure   Level
 Olgreb's Toxic Radiance  Alch           17%        N/A       26%         4
 Sticky Flame             Fire/Alch      9%         2d5       56%         4


Dungeon Overview and Level Annotations

Branches:
Dungeon (2/15)

Altars:

Annotations:
D:2 Sigmund


Innate Abilities, Weirdness & Mutations

You cannot be hasted, slowed, berserked, paralysed or teleported.
You can dig through walls and to a lower floor.
You have a pair of large antennae on your head. (SInv)
Your four strong arms can wield two-handed weapons with a shield.


Message History

You are too confused!
Sigmund misses you. Sigmund barely misses you.
Your magical contamination has completely faded away.
Sigmund is no longer weakened.
Sigmund misses you. Sigmund hits you with a +0 scythe.
You hit Sigmund but do no damage.
Sigmund is moderately wounded.
You feel less confused.
You closely miss Sigmund.
Sigmund is heavily wounded.
Sigmund misses you.
You hit Sigmund.
Sigmund is heavily wounded.
Sigmund gestures at you while chanting. The magic dart hits you!
You hit Sigmund.
Sigmund is heavily wounded.
Sigmund hits you with a +0 scythe!
Casting: Mercury Vapours (safe; 11% risk of failure)
Confirm with . or Enter, or press ? or * to list all spells.
Aiming: Sting (safe; 4% risk of failure)
Press: ? - help, Shift-Dir - straight line, f/p - Sigmund
Aim: Sigmund, wielding a +0 scythe and wearing a +0 robe (heavily wounded, slightly transparent, poisoned, 68% to hit)
The sting hits Sigmund.
Sigmund looks even sicker.
Sigmund is severely wounded.
You closely miss Sigmund.
Sigmund is severely wounded.
Sigmund hits you with a +0 scythe!
* * * LOW HITPOINT WARNING * * *
You closely miss Sigmund.
Sigmund is severely wounded.
You block Sigmund's attack.
You hit Sigmund.
Sigmund is severely wounded.
You block Sigmund's attack. Sigmund gestures at you while chanting.
The magic dart hits you!
You die...
Sigmund begins carving another notch in his scythe.

{ ### #######
#@# .......
#.# .......
#.# .......
#.#
.......##@###
......@.....#
.......?....#
............#
.......##.###


You could see Sigmund (invisible, poisoned).

Vanquished Creatures
  A dart slug (D:1)
  3 bats (D:1)
  5 endoplasms (D:1)
  A giant cockroach (D:1)
  3 goblins (D:1)
  2 hobgoblins (D:1)
  6 jackals (D:1)
  3 kobolds (D:1)
  2 quokkas (D:1)
  4 ball pythons (D:1)
  A frilled lizard (D:1)
  2 rats (D:1)
33 creatures vanquished.

Notes
Turn   | Place    | Note
-------+----------+-------------------------------------------
     0 | D:1      | porpoise the Formicid Alchemist began the quest for the
                  | Orb.
     0 | D:1      | Reached XP level 1. HP: 13/13 MP: 3/3
    66 | D:1      | Reached skill level 1 in Conjurations
    76 | D:1      | Reached XP level 2. HP: 15/19 MP: 1/5
   160 | D:1      | Learned a level 2 spell: Mercury Vapours
   225 | D:1      | Found a faded altar of an unknown god.
   483 | D:1      | Reached XP level 3. HP: 24/24 MP: 6/6
   537 | D:1      | Learned a level 3 spell: Mephitic Cloud
  1292 | D:2      | Noticed Sigmund
  1308 | D:2      | HP: 1/24 [Sigmund/+0 scythe (9)]
  1316 | D:2      | Killed from afar by Sigmund

Illustrated notes

Levels and vault maps discovered:
D:1:      mrwooster_arrival_arrow, layout_loops_ring,
          shapermc_ecumenical_altar_starsandcircs, minmay_pentomino_q2
D:2:      layout_basic, uniq_jessica, uniq_sigmund

Skill      XL: |  1 |
---------------+----+-----
Conjurations   | 1 |  1.7
Dodging        | |  1.7
Stealth        | |  2.4
Spellcasting   | |  2.9
Alchemy        | |  4.7

Action                     || total
---------------------------++-------
  Melee: Unarmed           ||    32
         War axe           ||    40
         Short sword       ||    33
         Punch             ||     1
   Cast: Sting             ||    19
         Mercury Vapours   ||     1
    Use: Scroll            ||     3
   Stab: Sleeping          ||     3
         Distracted        ||     1
 Armour: Robe              ||    62
  Dodge: Dodged            ||    84
  Block: Other             ||     5

Table legend: (Time is in decaauts)
 A = Elapsed time spent in this place.
 B = Non-inter-level travel time spent in this place.
 C = Inter-level travel time spent in this place.
 D = Time resting spent in this place.
 E = Time spent auto-exploring this place.
 F = Levels seen in this place.
 G = Mean time per level.
                   A        B        C        D        E       F      G
               +--------+--------+--------+--------+--------+-----+--------+
         Total |   1334 |   1308 |     26 |    396 |    520 |   2 |  667.0 |
       Dungeon |   1334 |   1308 |     26 |    396 |    520 |   2 |  667.0 |
               +--------+--------+--------+--------+--------+-----+--------+

Top non-repeatable levels by time:
     D:1: 1297 daAuts
     D:2: 37 daAuts
